 Dungeon Crawl Stone Soup version 0.31-a0-986-g5e6e4ef867 (webtiles) character file.

Game seed: 1353473189150240154

413 2FriedEggs the Changeling (level 6, -7/74 HPs)
             Began as an Ogre Shapeshifter on Nov 6, 2023.
             Mangled by a gnoll
             ... wielding a +0 flail
              (12 damage)
             ... on level 3 of the Dungeon.
             The game lasted 00:05:39 (2435 turns).

2FriedEggs the Changeling (Ogre Shapeshifter)       Turns: 2435, Time: 00:05:39

Health: -7/74      AC:  4    Str: 20    XL:     6   Next: 90%
Magic:  6/6        EV:  9    Int: 15    God:
Gold:   116        SH:  0    Dex:  5    Spells: 5/5 levels left

rFire   + .          .
                       - Unarmed
rCold   . . .        (shield currently unavailable)
rNeg    . . .        a - +1 animal skin
rPois   +            (helmet restricted)
rElec   .            (no cloak)
rCorr   .            (gloves unavailable)
SInv    .            (boots unavailable)
Will    .....        (no amulet) Stlth
                     g - ring of protection from fire
HPRegen 0.32/turn    (no ring)
MPRegen 0.10/turn

%: no passive effects
@: berserking, flux-form, glowing, studying Throwing, very quick
A: glow, contaminating, reduced hp, large, unfitting armour, tough skin 1,
clever 1, clumsy 1, poison resistance, wild magic 1
a: Begin Untransformation


You were on level 3 of the Dungeon.
You were something dangerously unstable.
You visited 1 branch of the dungeon, and saw 3 of its levels.

You collected 156 gold pieces.
You spent 40 gold pieces at shops.

Inventory:

Armour
 a - a +1 animal skin (worn)
Jewellery
 g - a ring of protection from fire (left hand)
Talismans
 c - a beast talisman
 d - a flux talisman (active)
Wands
 b - a wand of polymorph (12)
Scrolls
 e - a scroll of vulnerability
 f - a scroll of fog
 j - 2 scrolls of noise
 m - a scroll of amnesia
Potions
 h - a potion of might {unknown}
 k - a potion of berserk rage


   Skills:
 + Level 4.2 Fighting
 - Level 1.7 Dodging
 * Level 4.7 Unarmed Combat
 * Level 5.0 Shapeshifting


You had 5 spell levels left.
You didn't know any spells.
Your spell library contained the following spells:

 Spells                   Type           Power      Damage    Failure   Level
 Summon Small Mammal      Summ           0%         N/A       34%         1
 Poisonous Vapours        Pois/Air       0%         N/A       47%         2
 Sublimation of Blood     Necr           0%         N/A       47%         2
 Wereblood                Tmut           0%         N/A       47%         2
 Call Canine Familiar     Summ           0%         N/A       71%         3
 Frozen Ramparts          Ice            0%         1d1       71%         3
 Mephitic Cloud           Conj/Pois/Air  0%         N/A       71%         3
 Summon Guardian Golem    Hex/Summ       0%         N/A       71%         3
 Petrify                  Tmut/Erth      0%         N/A       97%         4
 Freezing Cloud           Conj/Ice/Air   0%         6-21      100%        5
 Metabolic Englaciation   Hex/Ice        0%         N/A       100%        5
 Summon Hydra             Summ           0%         N/A       100%        7


Dungeon Overview and Level Annotations

Branches:
Dungeon (3/15)

Altars:
Okawaru

Shops:
D:3 [:=**


Innate Abilities, Weirdness & Mutations

You are something dangerously unstable.
You glow with magical radiation, making you easy to see and hit.
Foes you strike become dangerously contaminated with magical radiation.
Your maximum health is decreased, since you lack skill for your form.
You are incapable of wielding weapons or throwing items.
You are too large for most types of armour.
You have tough skin. (AC +1)
Your mind is acute. (Int +4, Str/Dex -1)
You are clumsy. (Dex -2)
Your system is resistant to poisons. (rPois)
Your spells are a little harder to cast, but a little more powerful.


Message History

The gnoll attacks as it pursues you! The gnoll barely misses you.
The gnoll attacks as it pursues you!
The gnoll hits you from afar with a +0 halberd.
The gnoll attacks as it pursues you!
The gnoll hits you from afar with a +0 halberd!
A red film seems to cover your vision as you go berserk!
You feel yourself moving faster!
You feel mighty! The gnoll barely misses you.
You feel a strong urge to attack something.
The gnoll closely misses you.
You punch the gnoll!
The gnoll begins to glow.
The gnoll is heavily wounded.
You barely miss the gnoll.
The gnoll is heavily wounded.
The gnoll hits you with a +0 halberd!
You punch the gnoll!
You kill the gnoll!
The gnoll hits you with a +0 flail!
* * * LOW HITPOINT WARNING * * *
You punch the kobold brigand!
The kobold brigand begins to glow.
The kobold brigand is moderately wounded.
The gnoll closely misses you.
You punch the kobold brigand!
The kobold brigand glows dangerously bright.
The kobold brigand is severely wounded.
The gnoll barely misses you. The kobold brigand closely misses you.
You completely miss the kobold brigand.
The kobold brigand is severely wounded.
The gnoll barely misses you.
You punch the kobold brigand!
You kill the kobold brigand!
The gnoll barely misses you. x2
Your Shapeshifting skill increases to level 5!
You hit the gnoll.
The gnoll begins to glow.
The gnoll is lightly wounded.
The gnoll hits you from afar with a +0 spear!
* * * LOW HITPOINT WARNING * * *
You barely miss the gnoll.
The gnoll is lightly wounded.
The gnoll hits you with a +0 flail!
You die...

......#
#####.##############.#
......#
####......#.......#.#
......#
#.........#.......#.#
......#
#.#..#.##.#.∩.....#.#
.....##
#.#..#..............#
.....##
#.#....##...........#
......#
#.#..#.##..........##
###.#.# #.#...g...#.......##
#.#.######....p)...##.....##
#......>...#####g#####...##
#...######.#####.# #####
###...# #....##g# ......##
##.##.##.# ##.....#
#......#K# #.....#
#........# #.....#
#.##...### #.....# #.#...g#


You could see 2 gnolls.

Vanquished Creatures
  Sigmund (D:3)
  A kobold brigand (D:3)
  Natasha (thrice) (D:2)
  A gnoll (D:3)
  4 adders (D:2)
  A worm (D:2)
  A dart slug (D:1)
  6 bats
  5 endoplasms
  4 giant cockroaches
  4 goblins
  3 hobgoblins (D:1)
  7 kobolds
  4 quokkas
  5 ball pythons
  3 frilled lizards
  7 rats
60 creatures vanquished.

Notes
Turn   | Place    | Note
-------+----------+-------------------------------------------
     0 | D:1      | 2FriedEggs the Ogre Shapeshifter began the quest for the
                  | Orb.
     0 | D:1      | Reached XP level 1. HP: 19/19 MP: 1/1
   145 | D:1      | Reached XP level 2. HP: 17/28 MP: 2/2
   330 | D:1      | Found a faded altar of an unknown god.
   531 | D:1      | Reached XP level 3. HP: 14/35 MP: 3/3
   848 | D:2      | Noticed Natasha
   857 | D:2      | Killed Natasha
   858 | D:2      | Reached XP level 4. HP: 18/44 MP: 4/4
  1136 | D:2      | Noticed Natasha
  1143 | D:2      | Gained mutation: You are clumsy. (Dex -2) [potion of
                  | mutation]
  1143 | D:2      | Gained mutation: Your spells are a little harder to cast,
                  | but a little more powerful. [potion of mutation]
  1143 | D:2      | Gained mutation: Your system is resistant to poisons.
                  | (rPois) [potion of mutation]
  1143 | D:2      | Gained mutation: Your mind is acute. (Int +4, Str/Dex -1)
                  | [potion of mutation]
  1146 | D:2      | Killed Natasha
  1147 | D:2      | Reached skill level 4 in Shapeshifting
  1274 | D:2      | Reached XP level 5. HP: 37/53 MP: 5/5
  1548 | D:2      | Noticed Natasha
  1557 | D:2      | Killed Natasha
  1756 | D:3      | Found Halevots's General Store.
  1760 | D:3      | Noticed Sigmund
  1772 | D:3      | Found an iron altar of Okawaru.
  1848 | D:3      | Bought a scroll of identify for 20 gold pieces
  1848 | D:3      | Bought a scroll of identify for 20 gold pieces
  1933 | D:3      | Killed Sigmund
  1934 | D:3      | Reached XP level 6. HP: 51/62 MP: 6/6
  1938 | D:3      | Found Ephorruz's Jewellery Emporium.
  1995 | D:3      | Found Vichyav's Antique Armour Shop.
  2127 | D:3      | Found Fuqefofa's Book Boutique.
  2132 | D:3      | Found Ciloqong's Assorted Antiques.
  2434 | D:3      | Reached skill level 5 in Shapeshifting
  2435 | D:3      | Mangled by a gnoll

Illustrated notes

Levels and vault maps discovered:
D:1:      psy_arrival_whirlpool, layout_rooms,
          shapermc_ecumenical_altar_flowoftime
D:2:      layout_loops_ring, uniq_natasha
D:3:      layout_loops_cross, kennysheep_okawaru_gauntlet, serial_shops, shop,
          shop, shop, shop, nicolae_shop_statue_plus, uniq_sigmund

Skill      XL: |  1  2  3  4  5  6 |
---------------+-------------------+-----
Unarmed Combat | 3 4 |  4.7
Fighting       | 2 3 4 |  4.2
Shapeshifting  | 4 5 |  5.0
Dodging        | |  1.7

Action                     |  1- 3 |  4- 6 || total
---------------------------+-------+-------++-------
  Melee: Unarmed           |    86 |   125 ||   211
    Use: Potion            |       |     5 ||     5
         Scroll            |       |     9 ||     9
 Armour: Animal skin       |    48 |    93 ||   141
         Skin              |       |    23 ||    23
  Dodge: Dodged            |    39 |    48 ||    87
   Form: Flux              |     1 |       ||     1

Table legend: (Time is in decaauts)
 A = Elapsed time spent in this place.
 B = Non-inter-level travel time spent in this place.
 C = Inter-level travel time spent in this place.
 D = Time resting spent in this place.
 E = Time spent auto-exploring this place.
 F = Levels seen in this place.
 G = Mean time per level.
                   A        B        C        D        E       F      G
               +--------+--------+--------+--------+--------+-----+--------+
         Total |   2445 |   2405 |     40 |    340 |   1536 |   3 |  815.0 |
       Dungeon |   2445 |   2405 |     40 |    340 |   1536 |   3 |  815.0 |
               +--------+--------+--------+--------+--------+-----+--------+

Top non-repeatable levels by time:
     D:2: 1032 daAuts
     D:3: 748 daAuts
     D:1: 663 daAuts
